 Dungeon Sprint DCSS version 0.30.1-11-g7821555f0a (webtiles) character file.

Game seed: 381258505173983551

21898 Heoruswealwe the Cutthroat (level 12, -4/132 HPs)
             Began as a Minotaur Fighter on Nov 5, 2023.
             Was an Initiate of Gozag.
             Slain by a frost giant
             ... wielding a +1 battleaxe of freezing
              (6 damage)
             ... in the Dungeon (Sprint IX: "|||||||||||||||||||||||||||||").
             The game lasted 00:18:31 (2292 turns).

Heoruswealwe the Cutthroat (Minotaur Fighter)       Turns: 2292, Time: 00:18:36

Health: -4/132     AC: 36    Str: 25    XL:     12   Next: 58%
Magic:  11/11      EV: 11    Int:  8    God:    Gozag
Gold:   183        SH:  0    Dex: 11    Spells: 11/11 levels left

rFire   . . .        l - +12 pair of quick blades "Gyre" and "Gimble" {protect}
rCold   + . .        (shield currently unavailable)
rNeg    . . .        c - +2 storm dragon scales
rPois   .            (helmet restricted)
rElec   +            h - +2 cloak of Indecent Exposure {Int+3}
rCorr   .            f - +1 pair of gloves
SInv    .            e - +0 pair of boots
Will    .....        (no amulet) Stlth
                     k - +2 ring of evasion
HPRegen 0.42/turn    j - ring of protection from cold
MPRegen 0.12/turn

%: no teleportation
@: under a protective aura, studying Necromancy
A: horns 2, retaliatory headbutt
a: Renounce Religion, Potion Petition, Call Merchant, Bribe Branch


You were in the Dungeon.
You worshipped Gozag.
Gozag was aware of your devotion.
You visited 1 branch You collected 7931 gold pieces.
You spent 4434 gold pieces at shops.
You paid 3314 gold pieces to Gozag.

Inventory:

Hand Weapons
 a - a +0 trident
 b - a +2 bardiche of venom
 l - the +12 pair of quick blades "Gyre" and "Gimble" (weapon) {protect}
   (You found it in the Dungeon)
Armour
 c - +2 storm dragon scales (worn)
 d - a +1 kite shield of positive energy
 e - a +0 pair of boots (worn)
 f - a +1 pair of gloves (worn)
 h - the +2 cloak of Indecent Exposure (worn) {Int+3}
   (You bought it in a shop in the Dungeon)

   Int:       It affects your intelligence (+3).
Jewellery
 j - a ring of protection from cold (right hand)
 k - a +2 ring of evasion (left hand)
Wands
 r - a wand of paralysis (3)
 u - a wand of flame (6)
 x - a wand of iceblast (18)
 y - a wand of polymorph (14)
Scrolls
 o - 3 scrolls of blinking
 p - 4 scrolls of enchant armour
 z - a scroll of identify
Potions
 g - 3 potions of haste
 i - 2 potions of berserk rage
 m - 4 potions of curing
 n - 4 potions of might
 q - 2 potions of heal wounds
 w - a potion of ambrosia
 A - a potion of mutation
Miscellaneous
 s - a phantom mirror
 t - a condenser vane
 v - a lightning rod (4/4)


   Skills:
 + Level 19.9 Fighting
 * Level 23.8 Short Blades
 - Level 8.3 Polearms
 + Level 19.9 Armour
 - Level 3.6 Shields


You had 11 spell levels left.
You didn't know any spells.
Your spell library was empty.

Dungeon Overview and Level Annotations

Branches:
Dungeon (1/1)

Altars:
Cheibriados
Dithmenos
Elyvilon
Fedhas
Gozag
Hepliaklqana
Kikubaaqudgha
Makhleb
Nemelex Xobeh
Okawaru
Qazlal
Ru
Sif Muna
Trog
Uskayaw
Vehumet
Wu Jian
Xom
Yredelemnul
Zin
The Shining One
Jiyva
Lugonu

Shops:
D *[**=(::


Innate Abilities, Weirdness & Mutations

You have a pair of horns on your head.
You reflexively headbutt those who attack you in melee.


Message History

The red ugly thing is distracted by your dazzling golden aura.
The red ugly thing gurgles horribly!
You hit the fire giant. Your headbutt misses the fire giant.
You puncture the fire giant!
The frost giant is distracted by your dazzling golden aura.
The fire giant hits you with a +2 great sword of flaming.
The fire giant burns you.
The frost giant shouts!
You hit the fire giant. x2
You hit the fire giant. You headbutt the fire giant!
You barely miss the fire giant. You hit the fire giant.
You headbutt the fire giant!
You hit the fire giant but do no damage.
You hit the fire giant.
You kill the fire giant!
The frost giant is no longer distracted by gold.
The ettin is no longer distracted by gold.
The frost giant hits you with a +1 battleaxe of freezing!
The frost giant freezes you.
The tengu conjurer is distracted by your dazzling golden aura.
Things that are here:
270 gold pieces; a +2 great sword of flaming The tengu conjurer shouts!
You hit the frost giant. x2
You hit the frost giant. You headbutt the frost giant! You hit the frost giant.
You hit the frost giant but do no damage.
Your headbutt misses the frost giant. You puncture the frost giant!
The frost giant gestures at you while chanting.
The bolt of cold hits you!! You resist.
* * * LOW HITPOINT WARNING * * *
You hit the frost giant. x2
You puncture the frost giant! You headbutt the frost giant.
You puncture the frost giant!
You hit the frost giant but do no damage.
You hit the frost giant.
The frost giant hits you with a +1 battleaxe of freezing!!
* * * LOW HITPOINT WARNING * * *
The frost giant freezes you.
You die...
Your body crumbles into a pile of gold.

▓.▓.▓.▓.▓.▓.▓
▓.▓.▓[▓.▓∩▓.▓
▓)▓.▓.▓.▓.▓.▓
▓'▓.▓.▓.▓'▓.▓+▓
▓.▓.▓[▓.▓.▓.▓u▓
▓.▓.▓[▓.▓∩▓.▓C▓
▓.▓.▓.▓.▓.▓.▓Q▓
▓)▓.▓'▓.▓∩▓.▓C▓
▓)▓.▓[▓.▓.▓)▓@▓
▓)▓.▓)▓.▓∩▓.▓.▓
▓'▓.▓[▓.▓.▓.▓$▓
▓.▓.▓.▓.▓∩▓.▓$▓
▓.▓.▓.▓.▓.▓.▓$▓
▓.▓.▓.▓.▓∩▓.▓$▓
▓=▓.▓.▓.▓.▓)▓$▓
▓[▓.▓.▓.▓∩▓.▓$▓
▓[▓.▓.▓.▓.▓.▓$▓


You could see a frost giant, a red ugly thing, an ettin and a tengu conjurer.

Vanquished Creatures
  A fire giant (D)
  A spark wasp (D)
  An ettin (D)
  A centaur warrior (D)
  5 ogre magi (D)
  A tengu warrior (D)
  5 two-headed ogres (D)
  A boulder beetle (D)
  Sonja (D)
  3 orc knights (D)
  3 ugly things (D)
  An orc sorcerer (D)
  Maurice (D)
  2 cyclopes (D)
  An elephant (D)
  A torpor snail (D)
  6 cane toads (D)
  Psyche (D)
  An efreet (D)
  A tengu conjurer (D)
  2 tyrant leeches (D)
  A hornet (D)
  3 blink frogs (D)
  A dream sheep (D)
  2 yaks (D)
  A culicivora (shapeshifter) (D)
  3 basilisks (D)
  A vampire mosquito (D)
  2 water moccasins (D)
  8 orc warriors (D)
  4 ogres (D)
  A centaur (D)
  2 wolves (D)
  A phantom (D)
  3 bullfrogs (D)
  A wight (D)
  A killer bee (D)
  A howler monkey (D)
  4 orc priests (D)
  A gnoll bouda (D)
  A sleepcap (D)
  3 orc wizards (D)
  A white imp (D)
  8 orcs (D)
  A ball python (D)
  2 giant cockroaches (D)
  A goblin (D)
  A jackal (D)
  A kobold (D)
100 creatures vanquished.

Notes
Turn   | Place    | Note
-------+----------+-------------------------------------------
     0 | D        | Heoruswealwe the Minotaur Fighter began the quest for the
                  | Orb.
     0 | D        | Reached XP level 1. HP: 19/19 MP: 0/0
    21 | D        | Noticed a sleepcap
    21 | D        | Noticed a phantom
    29 | D        | Killed a phantom
    30 | D        | Reached XP level 2. HP: 15/30 MP: 1/1
    30 | D        | Reached XP level 3. HP: 19/37 MP: 2/2
    30 | D        | Reached XP level 4. HP: 22/44 MP: 3/3
    49 | D        | Found a snail-covered altar of Cheibriados.
    49 | D        | Found a shadowy altar of Dithmenos.
    49 | D        | Found a white marble altar of Elyvilon.
    49 | D        | Found a blossoming altar of Fedhas.
    49 | D        | Found an opulent altar of Gozag.
    50 | D        | Found a hazy altar of Hepliaklqana.
    51 | D        | Found a viscous altar of Jiyva.
    52 | D        | Found an ancient bone altar of Kikubaaqudgha.
    53 | D        | Found a corrupted altar of Lugonu.
    54 | D        | Found a burning altar of Makhleb.
    55 | D        | Found a sparkling altar of Nemelex Xobeh.
    56 | D        | Found an iron altar of Okawaru.
    57 | D        | Became a worshipper of Gozag Ym Sagoz the Greedy
    58 | D        | Found a stormy altar of Qazlal.
    59 | D        | Found a sacrificial altar of Ru.
    60 | D        | Found a shimmering blue altar of Sif Muna.
    61 | D        | Found a bloodstained altar of Trog.
    62 | D        | Found a hide-covered altar of Uskayaw.
    63 | D        | Found a radiant altar of Vehumet.
    64 | D        | Found an ornate altar of the Wu Jian Council.
    65 | D        | Found a shimmering altar of Xom.
    66 | D        | Found a basalt altar of Yredelemnul.
    67 | D        | Found a glowing silver altar of Zin.
    68 | D        | Found a glowing golden altar of the Shining One.
    76 | D        | Found the +12 pair of quick blades "Gyre" and "Gimble"
                  | {protect}
   136 | D        | Noticed a centaur
   136 | D        | Noticed a hornet
   139 | D        | Reached skill level 2 in Short Blades
   139 | D        | Reached XP level 5. HP: 42/52 MP: 4/4
   141 | D        | Reached skill level 4 in Short Blades
   146 | D        | Reached skill level 5 in Short Blades
   149 | D        | Reached skill level 6 in Short Blades
   149 | D        | Reached XP level 6. HP: 35/62 MP: 5/5
   151 | D        | Killed a hornet
   152 | D        | Reached skill level 8 in Short Blades
   154 | D        | Reached skill level 9 in Short Blades
   154 | D        | Reached XP level 7. HP: 35/71 MP: 6/6
   270 | D        | Noticed a boulder beetle
   270 | D        | Noticed a red ugly thing
   270 | D        | Noticed a centaur warrior
   270 | D        | Noticed a cyan ugly thing
   270 | D        | Noticed a two-headed ogre
   274 | D        | Killed a two-headed ogre
   275 | D        | Reached skill level 11 in Short Blades
   275 | D        | Reached XP level 8. HP: 80/82 MP: 7/7
   278 | D        | Killed a cyan ugly thing
   279 | D        | Reached skill level 12 in Short Blades
   283 | D        | Killed a centaur warrior
   284 | D        | Reached skill level 14 in Short Blades
   284 | D        | Reached XP level 9. HP: 82/92 MP: 8/8
   299 | D        | Killed a boulder beetle
   300 | D        | Reached skill level 15 in Short Blades
   307 | D        | Killed a red ugly thing
   619 | D        | Reached skill level 16 in Short Blades
   632 | D        | Reached XP level 10. HP: 89/104 MP: 9/9
   696 | D        | Noticed a torpor snail
   696 | D        | Noticed a cane toad
   696 | D        | Noticed a cane toad
   696 | D        | Noticed a cane toad
   699 | D        | Killed a cane toad
   705 | D        | Killed a cane toad
   706 | D        | Reached skill level 17 in Short Blades
   710 | D        | Killed a cane toad
   711 | D        | Reached skill level 15 in Fighting
   711 | D        | Reached skill level 15 in Armour
   711 | D        | Noticed an elephant
   719 | D        | Killed a torpor snail
   733 | D        | Killed an elephant
   734 | D        | Reached skill level 18 in Short Blades
   793 | D        | Noticed a cane toad
   793 | D        | Noticed a cane toad
   793 | D        | Noticed a cane toad
   798 | D        | Killed a cane toad
   804 | D        | Killed a cane toad
   821 | D        | Killed a cane toad
   836 | D        | Reached skill level 19 in Short Blades
   836 | D        | Reached XP level 11. HP: 93/114 MP: 10/10
   975 | D        | Noticed Sonja
   979 | D        | Paralysed by Sonja for 2 turns
   985 | D        | Killed Sonja
  1065 | D        | Noticed an ettin
  1074 | D        | Killed an ettin
  1079 | D        | Noticed an orc knight
  1110 | D        | Killed an orc knight
  1123 | D        | Reached skill level 20 in Short Blades
  1279 | D        | Noticed an orc sorcerer
  1279 | D        | Noticed an orc knight
  1295 | D        | Killed an orc knight
  1299 | D        | Killed an orc sorcerer
  1376 | D        | Found Necotwu's Book Boutique.
  1376 | D        | Noticed a two-headed ogre
  1376 | D        | Noticed an ogre mage
  1376 | D        | Noticed a two-headed ogre
  1376 | D        | Noticed a two-headed ogre
  1379 | D        | Killed a two-headed ogre
  1385 | D        | Killed a two-headed ogre
  1386 | D        | Reached skill level 21 in Short Blades
  1392 | D        | Killed an ogre mage
  1395 | D        | Killed a two-headed ogre
  1410 | D        | Found Huug's Book Shop.
  1412 | D        | Noticed a two-headed ogre
  1414 | D        | Found Ehupnidd's Weapon Boutique.
  1414 | D        | Noticed an ogre mage
  1416 | D        | Noticed an ogre mage
  1427 | D        | Killed a two-headed ogre
  1445 | D        | Noticed an ogre mage
  1447 | D        | Noticed an ogre mage
  1457 | D        | Killed an ogre mage
  1464 | D        | Paralysed by something for 4 turns
  1468 | D        | HP: 6/121 [poisoned by an ogre mage]
  1472 | D        | Paralysed by an ogre mage for 2 turns
  1474 | D        | Killed an ogre mage
  1475 | D        | Reached skill level 22 in Short Blades
  1475 | D        | Reached XP level 12. HP: 50/128 MP: 11/11
  1479 | D        | Killed an ogre mage
  1487 | D        | Killed an ogre mage
  1773 | D        | Found Ureuthren's Jewellery Shop.
  1802 | D        | Bought a manual of Necromancy for 1120 gold pieces
  1804 | D        | Bought a +0 bardiche of venom for 140 gold pieces
  1846 | D        | Bought a phantom mirror for 680 gold pieces
  1846 | D        | Bought a scroll of identify for 34 gold pieces
  1849 | D        | Bought a sharpened lead wand for 172 gold pieces
  1849 | D        | Bought an encrusted bone ring for 215 gold pieces
  1849 | D        | Bought a sedimented yellow potion for 38 gold pieces
  1849 | D        | Bought a glimmering cloak for 408 gold pieces
  1849 | D        | Identified the +2 cloak of Indecent Exposure {Int+3} (You
                  | bought it in a shop in the Dungeon)
  1849 | D        | Bought a forked fluorescent wand for 172 gold pieces
  1926 | D        | Bought a +1 kite shield of positive energy for 189 gold
                  | pieces
  1929 | D        | Bought a condenser vane for 600 gold pieces
  1929 | D        | Bought a lightning rod (4/4) for 450 gold pieces
  1929 | D        | Bought a scroll of identify for 30 gold pieces
  1929 | D        | Bought a scroll of poison for 60 gold pieces
  1929 | D        | Bought a wand of polymorph (6) for 126 gold pieces
  1985 | D        | Noticed Maurice
  1995 | D        | Killed Maurice
  1999 | D        | Noticed Psyche
  2005 | D        | Killed Psyche
  2228 | D        | Noticed a tengu warrior
  2232 | D        | Noticed a spark wasp
  2246 | D        | Reached skill level 23 in Short Blades
  2246 | D        | Noticed a fire giant
  2250 | D        | Noticed a frost giant
  2255 | D        | Noticed an ettin
  2266 | D        | Killed a tengu warrior
  2275 | D        | Killed a spark wasp
  2285 | D        | Killed a fire giant
  2292 | D        | HP: 2/132 [frost giant/+1 battleaxe of freezing (29)]
  2292 | D        | Slain by a frost giant

Illustrated notes

Levels and vault maps discovered:
D:        linesprint [early_d, line_temple, items_1, d_10, items_2, lair_1,
          lair_end, items_3, orc_1, orc_end, items_4, d_15, swamp_1, shoals_1,
          snake_1, spider_1, d_20, vaults_1, items_5, swamp_end, shoals_end,
          snake_end, spider_end, vaults_end, d_27, items_6, zot_1, zot_end,
          crypt_end, forest_end, elf_end, slime_end, tomb_end, abyss_end,
          pan_hell_end]

Skill      XL: |  1  2  3  4  5  6  7  8  9 10 11 12 |
---------------+-------------------------------------+-----
Polearms       | 7 8 |  8.3
Fighting       | 6 7 8 9 11 12 14 16 18 19 | 19.9
Armour         | 6 7 8 9 11 12 14 16 18 19 | 19.9
Short Blades   | 2 6 9 11 14 16 19 22 23 | 23.8
Shields        | |  3.6

Action                     |  1- 3 |  4- 6 |  7- 9 | 10-12 || total
---------------------------+-------+-------+-------+-------++-------
  Melee: Trident           |    17 |    13 |       |       ||    30
         Pair of quick bla |       |    14 |    58 |   292 ||   364
         Headbutt          |       |     2 |    18 |    67 ||    87
 Invoke: Call Merchant     |       |       |       |     4 ||     4
    Use: Potion            |       |       |       |     4 ||     4
         Scroll            |       |       |       |     3 ||     3
   Stab: Distracted        |       |       |       |     1 ||     1
 Armour: Scale mail        |     2 |     3 |       |       ||     5
         Plate armour      |       |     7 |     8 |       ||    15
         Storm dragon scal |       |       |     3 |    53 ||    56
  Dodge: Dodged            |     8 |     3 |     3 |    50 ||    64
  Block: Buckler           |       |     2 |       |       ||     2
